 Dungeon Crawl Stone Soup version 0.24.0-13-gcf9b3192b9 (webtiles) character file.

Game seed: 10849949066962937116, levelgen mode: deterministic

861 Arum the Nimble (level 7, -5/38 HPs)
             Began as a Spriggan Gladiator on Nov 5, 2019.
             Killed from afar by Dowan (16 damage)
             ... with a shard of ice
             ... on level 4 of the Dungeon.
             The game lasted 00:08:03 (4324 turns).

Arum the Nimble (Spriggan Gladiator)                Turns: 4324, Time: 00:08:04

Health: -5/38      AC:  9    Str: 12    XL:     7   Next: 71%
Magic:  8/8        EV: 24    Int: 10    God:
Gold:   165        SH:  0    Dex: 17    Spells: 6/6 levels left

rFire    . . .     SeeInvis +   q - +2 short sword (protect)
rCold    . . .     Gourm    .   (shield restricted)
rNeg     . . .     Faith    .   b - +0 robe
rPois    .         Spirit   .   c - +0 hat
rElec    .         Reflect  .   (no cloak)
rCorr    .         Harm     .   (gloves unavailable)
MR       +....                  (boots unavailable)
Stlth    ++........             (no amulet)
HPRegen  0.12/turn              (no ring)
MPRegen  0.11/turn              (no ring)

@: protection aura, very quick
A: very small, unfitting armour, see invisible, herbivore, speed 3, slow
metabolism 2
a: no special abilities


You were on level 4 of the Dungeon.
You were not hungry.

You visited 1 branch of the dungeon, and saw 4 of its levels.
You also visited: Sewer.

You collected 165 gold pieces.

Inventory:

Hand Weapons
 a - a +0 rapier
 q - a +2 short sword of protection (weapon)
 t - the +2 whip of the Imperium {freeze, rElec rF+ MR+}
   (You found it on level 4 of the Dungeon)

   It has been specially enchanted to freeze those struck by it, causing extra
   injury to most foes and up to half again as much damage against particularly
   susceptible opponents.
   It can also slow down cold-blooded creatures.
   It protects you from fire.
   It insulates you from electricity.
   It affects your resistance to hostile enchantments.
Missiles
 l - 20 poisoned darts (quivered)
 p - 8 javelins
Armour
 b - a +0 robe (worn)
 c - a +0 hat (worn)
Scrolls
 e - a scroll of blinking {unknown}
 g - 6 scrolls of identify
 h - a scroll of teleportation {unknown}
 j - a scroll of enchant armour {unknown}
 k - a scroll of fear {unknown}
 o - 2 scrolls of magic mapping {unknown}
Potions
 i - a potion of magic {unknown}
 m - a potion of might
 n - 2 potions of curing
 r - 2 potions of flight {unknown}
 s - a potion of ambrosia {unknown}
Comestibles
 f - 6 rations


   Skills:
 + Level 4.4 Fighting
 + Level 6.4 Short Blades
 - Level 2.0 Throwing
 + Level 8.5 Dodging


You had 6 spell levels left.
You didn't know any spells.
Your spell library was empty.

Dungeon Overview and Level Annotations

Branches:
Dungeon (4/15)              Sewer (visited)
 Temple: D:4-7

Altars:

Annotations:
D:4 Dowan


Innate Abilities, Weirdness & Mutations

You are very small and have problems with some larger weapons.
You are too small for most types of armour.
You have supernaturally acute eyesight. (SInv)
You are a herbivore.
You cover ground extremely quickly.
You need to consume almost no food.


Message History

Press: ? - help, Shift-Dir - straight line, f/p - Dowan
Aim: Dowan, wielding a +0 dagger and wearing a +2 robe of cold resistance (almost dead, fast+slow, poisoned)
You throw a poisoned dart. The poisoned dart misses Dowan.
Dowan misses you.
Throwing (i - inventory)
l - 23 poisoned darts (quivered)
Press: ? - help, Shift-Dir - straight line, f/p - Dowan
Aim: Dowan, wielding a +0 dagger and wearing a +2 robe of cold resistance (almost dead, fast+slow, poisoned)
You throw a poisoned dart. The poisoned dart misses Dowan.
Dowan looks more healthy.
Dowan closely misses you.
Throwing (i - inventory)
l - 22 poisoned darts (quivered)
Press: ? - help, Shift-Dir - straight line, f/p - Dowan
Aim: Dowan, wielding a +0 dagger and wearing a +2 robe of cold resistance (almost dead, fast+slow)
You throw a poisoned dart. The poisoned dart barely misses Dowan.
Dowan completely misses you.
Throwing (i - inventory)
l - 21 poisoned darts (quivered)
Press: ? - help, Shift-Dir - straight line, f/p - Dowan
Aim: Dowan, wielding a +0 dagger and wearing a +2 robe of cold resistance (almost dead, fast+slow)
You throw a poisoned dart. The poisoned dart closely misses Dowan.
Dowan casts a spell at you. The shard of ice hits you!
You die...

..(#...>.# #..(..#
#.##<## .(.##..###
######..(###
##############
###.(.###..(..##.....##
###..#..............##
##([...e...........#
####..@).....([...#
#..............#
#..............#
#..............#
#..............#
#............<##
#.....##.....##
##############


You could see Dowan.

Vanquished Creatures
  Grinder (D:3)
  Edmund (D:4)
  Duvessa (D:4)
  An ice beast (D:3)
  A phantom (D:3)
  A big kobold (Sewer)
  A hound (D:4)
  Terence (D:2)
  An iguana (D:2)
  4 gnolls (D:3)
  A river rat (Sewer)
  3 adders
  2 worms (D:3)
  3 leopard geckos (D:1)
  2 giant cockroaches
  5 goblins
  6 hobgoblins
  2 jackals (Sewer)
  11 kobolds
  2 quokkas (D:3)
  A ball python (D:3)
  A ball python skeleton (D:4)
  7 bats
  A frilled lizard (D:2)
  16 rats
76 creatures vanquished.

Notes
Turn   | Place    | Note
-------+----------+-------------------------------------------
     0 | D:1      | Arum the Spriggan Gladiator began the quest for the Orb.
     0 | D:1      | Reached XP level 1. HP: 10/10 MP: 2/2
   175 | D:1      | Reached XP level 2. HP: 7/15 MP: 3/3
   841 | D:1      | Reached skill level 5 in Dodging
   962 | D:2      | Reached XP level 3. HP: 14/18 MP: 4/4
  1347 | D:2      | Noticed Terence
  1359 | D:2      | Killed Terence
  1359 | D:2      | Reached XP level 4. HP: 23/23 MP: 5/5
  1551 | D:2      | HP: 1/23 [iguana (4)]
  2068 | D:3      | Noticed a phantom
  2232 | D:3      | Found a glowing drain.
  2327 | Sewer    | Entered a sewer
  2348 | Sewer    | Reached skill level 6 in Dodging
  2352 | Sewer    | Reached XP level 5. HP: 10/27 MP: 6/6
  2844 | Sewer    | Found a white marble altar of Elyvilon.
  2998 | D:3      | Reached skill level 5 in Short Blades
  3298 | D:3      | Noticed Grinder
  3320 | D:3      | Killed Grinder
  3320 | D:3      | Reached skill level 7 in Dodging
  3320 | D:3      | Reached XP level 6. HP: 13/32 MP: 7/7
  3564 | D:3      | Noticed an ice beast
  3592 | D:3      | Killed an ice beast
  3592 | D:3      | Reached XP level 7. HP: 24/37 MP: 8/8
  3947 | D:4      | Got a scorched whip
  3948 | D:4      | Identified the +2 whip of the Imperium {freeze, rElec rF+
                  | MR+} (You found it on level 4 of the Dungeon)
  3981 | D:4      | Noticed Edmund
  4014 | D:4      | Killed Edmund
  4014 | D:4      | Reached skill level 8 in Dodging
  4022 | D:4      | Noticed Dowan
  4029 | D:4      | Noticed Duvessa
  4305 | D:4      | Killed Duvessa
  4324 | D:4      | Killed from afar by Dowan

Levels and vault maps discovered:
D:1:      tarquinn_simple_flora_water_a, layout_basic
D:2:      layout_loops_ring, first_ration, chequers_serial_rivers_small_3,
          kennysheep_path_1, minmay_heptomino_l4, uniq_terence
D:3:      layout_basic, portal_sewer_entry_c, minmay_fountain_box, uniq_grinder
D:4:      layout_rooms, okawaru_altar_gauntlet_db,
          nicolae_ossuary_entry_catacombs, minmay_misc_feat_ornament,
          kennysheep_small_spiral, chequers_serial_rivers_micro_e,
          chequers_serial_rivers_small_b, uniq_edmund, uniq_duvessa

Skill      XL: |  1  2  3  4  5  6  7 |
---------------+----------------------+-----
Fighting       | 2 3 4 |  4.4
Dodging        | 5 6 7 8 |  8.5
Short Blades   | 4 5 6 |  6.4
Throwing       | |  2.0

Action                   |  1- 3 |  4- 6 |  7- 9 || total
-------------------------+-------+-------+-------++-------
Melee: Rapier            |   103 |    98 |       ||   201
       Short sword       |       |    69 |    88 ||   157
Throw: Dart              |     8 |    54 |    22 ||    84
       Throwing net      |     1 |     4 |       ||     5
  Use: Potion            |       |     3 |       ||     3
       Scroll            |       |       |     1 ||     1
 Stab: Sleeping          |       |     2 |       ||     2
       Held in net/web   |       |     2 |       ||     2
  Eat: Ration            |       |       |     1 ||     1
Armor: Robe              |    10 |     9 |     6 ||    25
Dodge: Dodged            |   106 |   119 |    76 ||   301
